 Seeded DCSS version 0.29-a0-23-ga79f92ac9c (webtiles) character file.

Game seed: 10000000000011 (custom seed)

245 knot the Chopper (level 5, -5/36 (41) HPs)
             Began as a Demonspawn Berserker on Jan 31, 2022.
             Was a Believer of Trog.
             Killed from afar by Dowan (10 damage)
             ... with a puff of flame
             ... on level 4 of the Dungeon.
             The game lasted 00:02:12 (3791 turns).

knot the Chopper (Demonspawn Berserker)             Turns: 3791, Time: 00:02:12

HP:   -5/36 (41)    AC:  2    Str: 17    XL:     5   Next: 84%
MP:   5/5           EV: 12    Int: 10    God:    Trog [**....]
Gold: 119           SH:  0    Dex: 13    Spells: 4/4 levels left

rFire   . . .      SeeInvis .   a - +0 hand axe
rCold   . . .      Faith    .   (no shield)
rNeg    . . .      Spirit   .   b - +0 animal skin
rPois   .          Reflect  .   (no helmet)
rElec   .          Harm     .   (no cloak)
rCorr   .          Rampage  .   (no gloves)
Will    .....                   (no boots)
Stlth   +.........              (no amulet)
HPRegen 0.12/turn               (no ring)
MPRegen 0.18/turn               (no ring)

@: lit by a corona, glowing, heavily drained
A: magic regeneration, demonic touch 1
a: Renounce Religion, Berserk, Trog's Hand


You were on level 4 of the Dungeon.
You worshipped Trog.
Trog was pleased with you.
You visited 2 branches of the dungeon, and saw 5 of its levels.

You collected 119 gold pieces.

Inventory:

Hand Weapons
 a - a +0 hand axe (weapon)
Missiles
 f - 71 stones (quivered)
 l - 2 poisoned darts
 p - 4 boomerangs
Armour
 b - a +0 animal skin (worn)
Jewellery
 d - an amulet of reflection
Wands
 o - a wand of polymorph (8)
Scrolls
 c - a scroll of amnesia {unknown}
 k - 2 scrolls of identify {unknown}
 m - 2 scrolls of blinking {unknown}
 n - a scroll of fog {unknown}
Potions
 e - a potion of curing {unknown}
 g - a potion of lignification {unknown}
 h - a potion of might {unknown}
 i - a potion of magic {unknown}
 j - a potion of heal wounds {unknown}


   Skills:
 - Level 3.0 Fighting
 + Level 6.0 Axes
 - Level 1.7 Armour
 - Level 1.7 Dodging


You had 4 spell levels left.
You didn't know any spells.
Your spell library contained the following spells:

 Spells                   Type           Power      Damage    Failure   Level
 Corpse Rot               Necr/Air       0%         N/A       50%         2
 Ensorcelled Hibernation  Hex/Ice        0%         N/A       50%         2
 Passwall                 Tmut/Erth      0%         N/A       50%         2
 Poisonous Vapours        Pois/Air       0%         N/A       50%         2
 Swiftness                Air            0%         N/A       75%         3


Dungeon Overview and Level Annotations

Branches:
Dungeon (4/15)             Temple (1/1) D:4

Altars:
Ashenzari
Cheibriados
Dithmenos
Fedhas
Gozag
Makhleb
Qazlal
Sif Muna
Trog
Vehumet
Yredelemnul
Zin
The Shining One

Shops:
D:3 [

Annotations:
D:4 Dowan, Duvessa


Innate Abilities, Weirdness & Mutations

You regenerate magic rapidly.
Your touch may inflict minor irresistible damage on your foes.


Message History

You are exhausted.
You feel yourself slow down.
You start resting.
You feel yourself speed up.
You start resting.
You recover from your berserk rage.
You start resting.
HP restored.
Found a blossoming altar of Fedhas.
Found an opulent altar of Gozag and a shadowy altar of Dithmenos.
Found a glowing silver altar of Zin.
Found a burning altar of Makhleb.
Found a radiant altar of Vehumet.
Found a bloodstained altar of Trog.
Found a snail-covered altar of Cheibriados.
Found a glowing golden altar of the Shining One.
Found a shimmering blue altar of Sif Muna.
Done exploring.
Done exploring.
Done exploring.
There is a blossoming altar of Fedhas here.
There is a staircase back to the Dungeon here.
You climb upwards.
Welcome back to the Dungeon!
Level annotation: Dowan, Duvessa Dowan misses you.
Duvessa hits you with a +2 short sword of draining.
You feel drained.
Dowan points at you and mumbles some strange words.
You are outlined in light.
Duvessa hits you with a +2 short sword of draining!
You feel drained.
There is a staircase to the Ecumenical Temple, spattered with blood here.
Dowan zaps a wand.
The puff of flame hits you! Duvessa completely misses you.
You open the door.
Duvessa hits you with a +2 short sword of draining!
* * * LOW HITPOINT WARNING * * *
You feel drained.
* * * LOW HITPOINT WARNING * * *
Dowan zaps a wand.
The puff of flame hits you!
You die...

# ... # .## .... ....
..# ....e #### #.#
##... #.# ##... # #.#
##e.# # #.# #..# .. #
###.### #.###.... ##
###@### #........ .##
#.####⌠.⌠####.####$..
..# #....+.ee')...#
#.# #.####⌠.⌠######
#.# ###'### #.##
###.### #..## #.#
##..####### #.#
..........######.#


You could see Duvessa and Dowan.

Vanquished Creatures
  An ogre (D:3)
  A scorpion (D:4)
  5 adders
  6 endoplasms
  A giant cockroach (D:1)
  4 goblins
  4 hobgoblins
  14 jackals
  A ball python (D:2)
  7 bats
  5 frilled lizards
  3 kobolds
  5 rats
57 creatures vanquished.

Notes
Turn   | Place    | Note
-------+----------+-------------------------------------------
     0 | D:1      | knot the Demonspawn Berserker began the quest for the Orb.
     0 | D:1      | Reached XP level 1. HP: 18/18 MP: 1/1
    51 | D:1      | Reached skill level 3 in Axes
   112 | D:1      | Gained mutation: You regenerate magic rapidly. [demonic
                  | ancestry]
   112 | D:1      | Reached XP level 2. HP: 10/24 MP: 2/2
  1289 | D:2      | Gained mutation: Your touch may inflict minor irresistible
                  | damage on your foes. [demonic ancestry]
  1289 | D:2      | Reached XP level 3. HP: 29/29 MP: 3/3
  1383 | D:2      | Reached skill level 4 in Axes
  1520 | D:2      | Reached ** piety under Trog
  1670 | D:2      | HP: 1/29 [poisoned by an adder]
  2049 | D:2      | Reached XP level 4. HP: 23/35 MP: 4/4
  2672 | D:3      | Noticed an ogre
  2681 | D:3      | Killed an ogre
  2682 | D:3      | Reached skill level 5 in Axes
  2682 | D:3      | Reached XP level 5. HP: 41/41 MP: 5/5
  2875 | D:3      | Found Daocsar's Antique Armour Emporium.
  3312 | D:4      | Reached skill level 6 in Axes
  3509 | D:4      | Found a staircase to the Ecumenical Temple.
  3524 | D:4      | Noticed Dowan
  3526 | D:4      | Noticed Duvessa
  3539 | Temple   | Entered the Ecumenical Temple
  3791 | D:4      | Killed from afar by Dowan

Illustrated notes

Levels and vault maps discovered:
D:1:      lordsloth_arrival_two_stooges, layout_basic, grunt_decor_fettered,
          minmay_misc_feat_diagonals, nicolae_concentric_dashed_squares_wild
D:2:      layout_rooms, hangedman_decor_clover_reticule
D:3:      layout_basic, serial_shops, shop, kennysheep_path_1
D:4:      layout_rooms, temple_doors_e, uniq_duvessa, uniq_ijyb
Temple:   dshaligram_water_room_temple

Skill      XL: |  1  2  3  4  5 |
---------------+----------------+-----
Axes           | 3 4 5 6 |  6.0
Fighting       | |  3.0
Armour         | |  1.7
Dodging        | |  1.7

Action                   |  1- 3 |  4- 6 || total
-------------------------+-------+-------++-------
Melee: Hand axe          |   102 |    48 ||   150
       Touch             |     5 |     5 ||    10
       Punch             |       |     1 ||     1
Invok: Berserk           |     4 |     3 ||     7
       Trog's Hand       |     1 |       ||     1
 Stab: Sleeping          |     1 |     1 ||     2
Armor: Animal skin       |    27 |     7 ||    34
Dodge: Dodged            |    97 |    33 ||   130

Table legend: (Time is in decaauts)
 A = Elapsed time spent in this place.
 B = Non-inter-level travel time spent in this place.
 C = Inter-level travel time spent in this place.
 D = Time resting spent in this place.
 E = Time spent auto-exploring this place.
 F = Levels seen in this place.
 G = Mean time per level.
                   A        B        C        D        E       F      G
               +--------+--------+--------+--------+--------+-----+--------+
         Total |   3870 |   3790 |     80 |   1777 |   1642 |   5 |  774.0 |
       Dungeon |   3609 |   3547 |     62 |   1639 |   1552 |   4 |  902.2 |
        Temple |    261 |    243 |     18 |    137 |     90 |   1 |  261.0 |
               +--------+--------+--------+--------+--------+-----+--------+

Top non-repeatable levels by time:
     D:1: 1310 daAuts
     D:2: 1290 daAuts
     D:3: 676 daAuts
     D:4: 331 daAuts
  Temple: 261 daAuts
